 Dungeon Crawl Stone Soup version 0.29.1-15-g9cfb28693d (webtiles) character file.

Game seed: 13617955333817614077

102 Cheops the Poker (level 4, 0/33 HPs)
             Began as a Merfolk Gladiator on Mar 14, 2023.
             Slain by a gnoll
             ... wielding a +0 flail
              (3 damage)
             ... on level 3 of the Dungeon.
             The game lasted 00:03:21 (1930 turns).

Cheops the Poker (Merfolk Gladiator)                Turns: 1930, Time: 00:03:22

Health: 0/33       AC:  6    Str: 16    XL:     4   Next: 78%
Magic:  4/4        EV: 13    Int:  7    God:
Gold:   82         SH:  0    Dex: 15    Spells: 3/3 levels left

rFire   . . .      SeeInvis .   a - +0 trident
rCold   . . .      Faith    .   (no shield)
rNeg    . . .      Spirit   .   b - +0 leather armour
rPois   .          Reflect  .   c - +0 helmet
rElec   .          Harm     .   (no cloak)
rCorr   .          Rampage  .   o - +0 pair of gloves
Will    .....                   p - +0 pair of boots
Stlth   +.........              (no amulet)
HPRegen 0.11/turn               (no ring)
MPRegen 0.09/turn               (no ring)

@: no status effects
A: (nimble swimmer 2), mertail
a: no special abilities


You were on level 3 of the Dungeon.
You visited 1 branch of the dungeon, and saw 3 of its levels.

You collected 82 gold pieces.

Inventory:

Hand Weapons
 a - a +0 trident (weapon)
Missiles
 d - 3 throwing nets (quivered)
 e - a javelin
Armour
 b - a +0 leather armour (worn)
 c - a +0 helmet (worn)
 o - a +0 pair of gloves (worn)
 p - a +0 pair of boots (worn)
Wands
 q - a wand of flame (14)
Scrolls
 f - 3 scrolls of teleportation {unknown}
 g - a scroll of enchant weapon {unknown}
 j - 3 scrolls of noise {unknown}
 k - 3 scrolls of fog {unknown}
 l - a scroll of immolation {unknown}
Potions
 h - a potion of attraction {unknown}
 i - a potion of lignification {unknown}
 m - a potion of ambrosia {unknown}
 n - a potion of heal wounds {unknown}
 r - a potion of curing {unknown}


   Skills:
 - Level 2.1 Fighting
 + Level 7.1 Polearms
 - Level 2.0 Throwing
 - Level 4.0 Dodging


You had 3 spell levels left.
You didn't know any spells.
Your spell library contained the following spells:

 Spells                   Type           Power      Damage    Failure   Level
 Sandblast                Erth           0%         2d4       50%         1
 Slow                     Hex            0%         N/A       50%         1
 Passwall                 Tmut/Erth      0%         N/A       65%         2
 Confusing Touch          Hex            0%         N/A       86%         3
 Stone Arrow              Conj/Erth      0%         3d7       86%         3
 Vampiric Draining        Necr           0%         2d6       86%         3


Dungeon Overview and Level Annotations

Branches:
Dungeon (3/15)

Altars:
Ashenzari


Innate Abilities, Weirdness & Mutations

((You are very nimble when in or above water. (Stealth+, EV+, Speed+++)))
Your lower body shifts to a powerful aquatic tail in water.


Message History

The gnoll barely misses you.
The gnoll hits you from afar with a +0 spear.
You puncture the gnoll!
You kill the gnoll!
The gnoll hits you from afar with a +0 spear.
* * * LOW HITPOINT WARNING * * *
The gnoll misses you.
You hit the gnoll.
The gnoll is heavily wounded.
The gnoll misses you.
You barely miss the gnoll.
The gnoll is heavily wounded.
The gnoll hits you but does no damage.
You hit the gnoll.
The gnoll is almost dead.
The gnoll hits you but does no damage.
You barely miss the gnoll.
The gnoll is almost dead.
You hit the gnoll.
You kill the gnoll!
Your Polearms skill increases to level 7!
A gnoll comes into view. It is wielding a +0 flail.
Things that are here:
a +0 spear; a gnoll corpse The gnoll hits you with a +0 flail!
* * * LOW HITPOINT WARNING * * *
You closely miss the gnoll. The gnoll closely misses you.
You hit the gnoll.
The gnoll is moderately wounded.
The gnoll barely misses you.
You closely miss the gnoll.
The gnoll is moderately wounded.
The gnoll barely misses you.
You hit the gnoll.
The gnoll is heavily wounded.
The gnoll closely misses you.
You hit the gnoll.
The gnoll is heavily wounded.
The gnoll hits you with a +0 flail.
You die...

.####.#.# ...##.#.#
.#.##.#.############
.#.##...............
.#.####...........<.
..[..........## .# #
>..#.....###.####.#.#
.....##### #.#.)....#
...### #..).@.#....
...# #.#)##g..# #
...# #.#.# .#.# .#.##
#.#.# .# # ###.#
#.#.# .# .#.## #....
.. #..# ###.# .# ##.#
.# .# #.#


You could see a gnoll.

Vanquished Creatures
  3 gnolls (D:3)
  3 adders (D:2)
  6 endoplasms
  2 giant cockroaches (D:1)
  5 goblins
  11 hobgoblins
  A quokka (D:2)
  A ball python (D:1)
  3 bats
  A frilled lizard (D:1)
  5 kobolds
  4 rats
45 creatures vanquished.

Notes
Turn   | Place    | Note
-------+----------+-------------------------------------------
     0 | D:1      | Cheops the Merfolk Gladiator began the quest for the Orb.
     0 | D:1      | Reached XP level 1. HP: 16/16 MP: 1/1
   186 | D:1      | Reached XP level 2. HP: 22/22 MP: 2/2
   226 | D:1      | Reached skill level 5 in Polearms
   532 | D:1      | Found a faded altar of an unknown god.
   658 | D:2      | You fall into a shaft and drop 1 floor!
   693 | D:3      | Found a broken altar of Ashenzari.
   829 | D:2      | Reached XP level 3. HP: 27/27 MP: 3/3
  1025 | D:2      | Reached skill level 6 in Polearms
  1477 | D:2      | Reached XP level 4. HP: 24/33 MP: 4/4
  1924 | D:3      | Reached skill level 7 in Polearms
  1930 | D:3      | Slain by a gnoll

Illustrated notes

Levels and vault maps discovered:
D:1:      sevenhm_arrival_forest_fort_small_3, layout_rooms,
          hellmonk_ecumenical_altar_run_dry
D:2:      kennysheep_big_flooded_room, layout_rooms, serial_bayou_pond_c
D:3:      layout_loops_ring, evilmike_ruin_ashenzari, minmay_checkerbox,
          uniq_ijyb

Skill      XL: |  1  2  3  4 |
---------------+-------------+-----
Polearms       | 5 6 7 |  7.1
Fighting       | |  2.1
Throwing       | |  2.0
Dodging        | |  4.0

Action                   |  1- 3 |  4- 6 || total
-------------------------+-------+-------++-------
Melee: Trident           |   100 |    32 ||   132
       Punch             |     2 |       ||     2
 Stab: Sleeping          |       |     1 ||     1
Armor: Leather armour    |    13 |     7 ||    20
Dodge: Dodged            |    48 |    18 ||    66
